Match 42700711
Unlisted

Match 42700711
End
Selects Australian Defense Battlegroup
Selects Australian Light Infantry Section
Australian Light Infantry Section
Royal Engineer Section
Australian Light Infantry Section
Construct Section Command Post
Construct Section Command Post
Construct Platoon Command Post
Construct Platoon Command Post
Humber Armored Car
6-pounder Anti-tank Gun Team
Construct Company Command Post
Selects CMP 15cwt Supply Run
Selects Defensive Tactics
CMP 15cwt Supply Run
Matilda II Heavy Tank
Crusader II Medium Tank
Foot Guards Section
Crusader II Medium Tank
Royal Engineer Section
Vickers Machine Gun Team
Selects Reinforced Resource Caches
Selects Charged Creeping Barrage
Charged Creeping Barrage
Royal Engineer Section
Crusader II Medium Tank
Crusader II Medium Tank
Charged Creeping Barrage
Royal Engineer Section
Unlock Towed 17-pounder Anti-tank Guns
Armored Vehicle Training
Crusader II Medium Tank
Crusader II Medium Tank
17-pounder Anti-tank Gun Team
Vickers Machine Gun Team
Selects Vehicle Over Repair
Foot Guards Section
Crusader II Medium Tank
17-pounder Anti-tank Gun Team
Gikerl
Tschuikow
insane
iceman
0
0

Comments sign in to comment!

No comments posted yet!